 Dungeon Crawl Stone Soup version 0.18.1-47-g9310371 (webtiles) character file.

8537 KrisztiCat the Geomancer (level 11, -7/64 HPs)
             Began as a Gargoyle Earth Elementalist on June 20, 2016.
             Was a Priest of Vehumet.
             Mangled by a hill giant
             ... wielding a +0 giant spiked club
              (17 damage)
             ... on level 10 of the Dungeon.
             The game lasted 01:01:32 (8073 turns).

KrisztiCat the Geomancer (GrEE)                     Turns: 8073, Time: 01:01:32

Health: -7/64      AC: 19    Str: 11    XL:     11   Next: 32%
Magic:  13/32      EV: 16    Int: 20    God:    Vehumet [***...]
Gold:   472        SH:  0    Dex: 10    Spells: 3 memorised, 18 levels left

rFire  . . .     SeeInvis .     a - +2 whip (elec)
rCold  . . .     Gourm    .     O - +1 robe {Archmagi}
rNeg   + . .     Faith    .     (no shield)
rPois  ∞         Spirit   .     X - +2 hat
rElec  +         Dismiss  .     N - +1 cloak
rCorr  .         Reflect  .     n - +1 pair of gloves
SustAt .         Harm     .     p - +1 pair of boots
MR     .....                    (no amulet)
Stlth  ++........               V - +3 ring of evasion
                                z - ring of magical power

@: exhausted, very slightly contaminated, hasted and slowed, not resistant to
hostile enchantments, unstealthy
A: negative energy resistance 1, electricity resistance, unbreathing,
petrification resistance, rot immunity, AC +7
a: Renounce Religion


You were on level 10 of the Dungeon.
You worshipped Vehumet.
Vehumet was most pleased with you.
You were very hungry.

You visited 2 branches of the dungeon, and saw 12 of its levels.
You also visited: Ossuary.

You collected 586 gold pieces.
You spent 114 gold pieces at shops.

Inventory:

Hand Weapons
 a - a +2 whip of electrocution (weapon)
 C - the +4 arc blade {discharge, rElec}
   (You found it on level 6 of the Dungeon)

   It insulates you from electricity.
Missiles
 b - 98 stones (quivered)
Armour
 n - a +1 pair of gloves (worn)
 p - a +1 pair of boots (worn)
 u - a +1 buckler of protection
 N - a +1 cloak (worn)
 O - a +1 robe of the Archmagi (worn)
 X - a +2 hat (worn)
Magical Staves
 S - an uncursed staff of air {unknown}
 U - an uncursed staff of death {unknown}
Jewellery
 z - a ring of magical power (left hand)
 A - an uncursed ring of protection from magic
 D - an uncursed ring of positive energy
 G - an uncursed ring of resist corrosion
 R - a +2 ring of dexterity
 V - a +3 ring of evasion (right hand)
Wands
 q - a wand of disintegration (15/24)
 s - a wand of teleportation (5/9)
 y - a wand of lightning (9/15)
 B - a wand of iceblast (6/15)
 M - a wand of random effects (13/48)
 W - a wand of enslavement (7/24)
Scrolls
 e - 8 scrolls of remove curse
 g - 3 scrolls of immolation
 i - a scroll of enchant weapon
 r - a scroll of recharging
 v - a scroll of blinking
 w - 5 scrolls of teleportation
 F - a scroll of fog
 J - a scroll of amnesia
 K - 2 scrolls of enchant armour
 Q - a scroll of fear
Potions
 f - a potion of haste
 h - a potion of might
 j - 4 potions of invisibility
 k - a potion of lignification
 l - 8 potions of mutation
 t - a potion of berserk rage
 x - 6 potions of curing
 E - 3 potions of agility
 H - a potion of brilliance
 I - a potion of cancellation
Books
 c - a book of Geomancy

   Spells                             Type                      Level
   a - Sandblast                      Earth                        1
   b - Passwall                       Transmutation/Earth          2
   c - Stone Arrow                    Conjuration/Earth            3
   d - Petrify                        Transmutation/Earth          4
   e - Lee's Rapid Deconstruction     Earth                        5
Miscellaneous
 L - a plain deck of changes
 T - a phial of floods
Comestibles
 d - 6 bread rations
 m - a royal jelly
 o - 5 meat rations
 P - a slice of pizza


   Skills:
 + Level 5.5 Fighting
 + Level 5.2 Maces & Flails
 + Level 5.7 Armour
 + Level 5.0 Dodging
 - Level 2.2 Stealth
 * Level 8.5 Spellcasting
 + Level 5.9 Conjurations
   Level 0.7 Transmutations
 + Level 8.8 Earth Magic
 + Level 4.5 Evocations


You had 18 spell levels left.
You knew the following spells:

 Your Spells              Type           Power        Failure   Level  Hunger
a - Sandblast             Erth           ######       1%          1    None
b - Stone Arrow           Conj/Erth      ######       1%          3    None
c - Lee's Rapid Deconstr  Erth           ######....   2%          5    #####..


Dungeon Overview and Level Annotations

Branches:
Dungeon (11/15)            Temple (1/1) D:6             Orc (0/2) D:10
   Lair: D:8-11

Altars:
Ashenzari
Cheibriados
Dithmenos
Elyvilon
Fedhas
Gozag
Kikubaaqudgha
Makhleb
Nemelex Xobeh
Okawaru
Pakellas
Qazlal
Ru
Sif Muna
Trog
Vehumet
Xom
Yredelemnul
Zin
The Shining One
Beogh

Shops:
D:5 (   D:9 [


Innate Abilities, Weirdness & Mutations

You are resistant to torment.
Your stone body is resilient (AC +7).
You are immune to poison.
You resist negative energy.
You are resistant to electric shocks.
You can survive without breathing.
You are immune to petrification.
You are immune to rotting.


Message History

You feel a surge of power!
The stone arrow hits the hill giant.
The hill giant is heavily wounded.
Casting: Stone Arrow
Confirm with . or Enter, or press ? or * to list all spells.
Aiming: Stone Arrow
Press: ? - help, Shift-Dir - straight line, f/p - hill giant
Aim: a hill giant, wielding a giant spiked club (heavily wounded)
You feel a surge of power!
The stone arrow hits the hill giant.
The hill giant is severely wounded.
The hill giant barely misses you.
Casting: Stone Arrow
Confirm with . or Enter, or press ? or * to list all spells.
Aiming: Stone Arrow
Press: ? - help, Shift-Dir - straight line, f/p - hill giant
Aim: a hill giant, wielding a giant spiked club (severely wounded)
You feel a surge of power!
The stone arrow hits the hill giant.
The hill giant is almost dead.
The crimson imp blinks!
The hill giant hits you with a giant spiked club!
You die...

#########+#######...≈≈
................#....#
................#....# #.#
#..............#..... . #..
#.....(........#.....
..#...#..............#.....
.'... #''#'########.....
###...####.................
.....§...C@................
.........5.................
>.....†.......#####......≈.
..............# #...≈≈≈..
###...........# #..≈≈≈≈≈≈
#...).......# #..≈≈≈≈≈.
#...#'#####.# #...≈≈≈≈≈.
#...#.. .# #....≈≈≈..
#...#.. .# #..≈..≈...


You could see a hill giant and a crimson imp.

Vanquished Creatures
  A centaur warrior (D:8)
  A tengu warrior (D:10)
  3 orc knights (D:10)
  Pikel (D:7)
  A hill giant (D:8)
  A two-headed ogre (D:9)
  A polar bear (D:10)
  A centaur simulacrum (D:10)
  2 wyverns (D:9)
  Grum (D:8)
  A hungry ghost (D:9)
  A hippogriff (D:8)
  A vampire mosquito (D:8)
  A black bear (D:7)
  3 orc warriors
  A sky beast (D:5)
  An eye of draining (D:9)
  3 ice beasts
  4 centaurs
  7 ogres
  4 wolves
  3 giant frogs
  2 scorpions
  5 howler monkeys
  4 electric eels (D:10)
  2 crimson imps
  2 giant frog zombies
  2 jellies
  A wasp zombie (D:10)
  2 orc priests (D:10)
  A hound (D:8)
  6 orc wizards
  2 centaur skeletons
  2 iguanas
  A giant frog skeleton (D:4)
  2 worker ants
  A big kobold zombie (Ossuary)
  A hound skeleton (D:5)
  3 mummies (Ossuary)
  8 adders
  3 shadow imps
  A white imp (D:10)
  An ufetubus (D:9)
  2 adder skeletons (D:9)
  4 adder zombies (Ossuary)
  3 worms
  4 dart slugs
  4 giant geckos
  37 orcs
  7 bats
  7 giant cockroaches
  6 goblins
  6 hobgoblins
  4 jackals (D:4)
  8 quokkas
  A ball python (D:4)
  4 giant newts
  2 goblin zombies (Ossuary)
  4 hobgoblin zombies (Ossuary)
  6 kobolds
  3 quokka zombies (Ossuary)
  6 rats
  4 rat zombies (Ossuary)
217 creatures vanquished.

Vanquished Creatures (collateral kills)
  A worker ant (D:10)
  2 orcs (D:10)
3 creatures vanquished.

Vanquished Creatures (others)
  A shadow imp (D:7)
  A white imp (D:10)
2 creatures vanquished.

Grand Total: 222 creatures vanquished

Notes
Turn   | Place    | Note
--------------------------------------------------------------
     0 | D:1      | KrisztiCat the Gargoyle Earth Elementalist began the quest for the Orb.
     0 | D:1      | Reached XP level 1. HP: 10/10 MP: 3/3
   183 | D:1      | Reached XP level 2. HP: 8/15 MP: 1/5
   514 | D:1      | Reached XP level 3. HP: 19/19 MP: 1/6
  1229 | D:3      | Found a white marble altar of Elyvilon.
  1351 | D:2      | Reached XP level 4. HP: 24/24 MP: 5/8
  1503 | D:2      | Found a deep blue altar of Sif Muna.
  2019 | D:3      | Reached XP level 5. HP: 28/28 MP: 10/10
  2201 | D:4      | Reached skill level 5 in Earth Magic
  2231 | D:5      | Entered Level 5 of the Dungeon
  2787 | D:4      | Found a deep blue altar of Sif Muna.
  2799 | D:4      | Reached XP level 6. HP: 10/32 MP: 12/12
  3214 | D:5      | Noticed a sky beast
  3220 | D:5      | Killed a sky beast
  3316 | D:5      | Learned a level 3 spell: Stone Arrow
  3322 | D:5      | Learned a level 5 spell: Lee's Rapid Deconstruction
  3639 | D:5      | Found Xito's Weapon Emporium.
  3905 | D:6      | Reached skill level 5 in Spellcasting
  3905 | D:6      | Reached XP level 7. HP: 37/37 MP: 14/14
  3919 | D:6      | Reached skill level 1 in Fighting
  3957 | D:6      | Found a staircase to the Ecumenical Temple.
  3971 | Temple   | Entered the Ecumenical Temple
  3979 | Temple   | Became a worshipper of Vehumet
  4077 | D:6      | Reached skill level 1 in Maces & Flails
  4077 | D:6      | Reached skill level 1 in Armour
  4077 | D:6      | Reached skill level 1 in Conjurations
  4077 | D:6      | Reached skill level 1 in Evocations
  4357 | D:6      | Reached XP level 8. HP: 44/44 MP: 16/16
  4744 | D:6      | Reached * piety under Vehumet
  4744 | D:6      | Offered knowledge of Flame Tongue by Vehumet.
  4832 | D:7      | Noticed Pikel
  4840 | D:7      | Killed Pikel
  4890 | D:7      | Reached XP level 9. HP: 50/50 MP: 13/18
  5077 | D:8      | Noticed a centaur warrior
  5101 | D:8      | Killed a centaur warrior
  5162 | D:8      | Noticed Grum
  5180 | D:8      | Killed Grum
  5301 | D:8      | Reached XP level 10. HP: 56/56 MP: 20/20
  5471 | D:8      | Found a sand-covered staircase.
  5477 | D:8      | Noticed a hill giant
  5487 | D:8      | Killed a hill giant
  5494 | Ossuary  | Entered an ossuary
  5540 | Ossuary  | Offered knowledge of Shock by Vehumet.
  5554 | Ossuary  | Reached ** piety under Vehumet
  5860 | D:7      | Found an oddly glowing altar of Pakellas.
  6050 | D:7      | Found a blossoming altar of Fedhas.
  6558 | D:9      | Found Tiunteg's Antique Armour Emporium.
  6568 | D:9      | Bought a glowing cloak for 99 gold pieces
  6568 | D:9      | Bought a glowing robe for 15 gold pieces
  6662 | D:10     | Entered Level 10 of the Dungeon
  6768 | D:9      | Offered knowledge of Dazzling Spray by Vehumet.
  6775 | D:9      | Found a burning altar of Makhleb.
  6835 | D:9      | Reached skill level 5 in Conjurations
  6990 | D:9      | Reached skill level 5 in Armour
  7060 | D:9      | Reached *** piety under Vehumet
  7060 | D:9      | Reached skill level 5 in Fighting
  7215 | D:10     | Noticed an orc knight
  7216 | D:10     | Noticed an orc knight
  7246 | D:10     | Killed an orc knight
  7287 | D:10     | Killed an orc knight
  7287 | D:10     | Reached skill level 5 in Maces & Flails
  7287 | D:10     | Reached XP level 11. HP: 36/64 MP: 4/23
  7564 | D:10     | Noticed an orc knight
  7575 | D:10     | Killed an orc knight
  7716 | D:10     | Found a roughly hewn altar of Beogh.
  7716 | D:10     | Found a staircase to the Orcish Mines.
  7726 | D:10     | Offered knowledge of Inner Flame by Vehumet.
  7915 | D:10     | Noticed a tengu warrior
  7938 | D:10     | Killed a tengu warrior
  7938 | D:10     | Reached skill level 5 in Dodging
  8044 | D:10     | Noticed a hill giant
  8073 | D:10     | Mangled by a hill giant

Skill      XL: |  1  2  3  4  5  6  7  8  9 10 11 |
---------------+----------------------------------+-----
Earth Magic    | 4 5 6 7 8 |  8.8
Spellcasting   | 3 4 5 6 7 8 |  8.5
Fighting       | 1 3 4 5 |  5.5
Dodging        | 2 3 4 5 |  5.0
Maces & Flails | 1 2 3 5 |  5.2
Armour         | 1 2 4 5 |  5.7
Conjurations   | 2 3 4 5 |  5.9
Evocations     | 1 2 3 4 |  4.5
Stealth        | |  2.2
Transmutations | |  0.7

Action                   |  1- 3 |  4- 6 |  7- 9 | 10-12 || total
-------------------------+-------+-------+-------+-------++-------
Melee: Whip              |    51 |    40 |    37 |   131 ||   259
 Cast: Sandblast         |    64 |    82 |    83 |    32 ||   261
       Stone Arrow       |       |       |    20 |   128 ||   148
       Lee's Rapid Decon |       |       |       |     1 ||     1
Evoke: Wand              |       |       |       |     2 ||     2
  Use: Scroll            |       |    12 |     5 |     7 ||    24
       Potion            |       |       |     1 |     3 ||     4
 Stab: Sleeping          |       |       |     2 |       ||     2
  Eat: Chunk             |     2 |     6 |     5 |    10 ||    23
       Pizza             |       |     1 |       |       ||     1
Armor: Robe              |    20 |    25 |    45 |   100 ||   190
Dodge: Dodged            |    57 |    48 |    60 |   151 ||   316
